 Dungeon Crawl Stone Soup version 0.20-b1-14-g8425815 (webtiles) character file.

349 juanjsm the Sneak (level 6, 0/30 HPs)
             Began as a Spriggan Enchanter on May 23, 2017.
             Was a Follower of Okawaru.
             Slain by a bullfrog skeleton (4 damage)
             ... on level 4 of the Dungeon.
             The game lasted 00:21:57 (3486 turns).

juanjsm the Sneak (Spriggan Enchanter)              Turns: 3486, Time: 00:21:57

Health: 0/30       AC:  3    Str:  4    XL:     6   Next: 33%
Magic:  1/12       EV: 20    Int: 19    God:    Okawaru [*.....]
Gold:   102        SH:  0    Dex: 16    Spells: 6/12 levels left

rFire    . . .     SeeInvis +   i - -2 dagger (curse)
rCold    . . .     Gourm    .   (shield restricted)
rNeg     . . .     Faith    .   b - +0 robe
rPois    .         Spirit   .   (helmet restricted)
rElec    .         Reflect  .   v - +0 cloak
rCorr    .         Harm     .   (gloves unavailable)
MR       +....                  (boots unavailable)
Stlth    +++.......             (no amulet)
Regen    0.1/turn               p - ring of flight
MPRegen  0.2/turn               (no ring)

@: very slightly contaminated, very quick
A: unfitting armour, see invisible, herbivore 3, speed 3, slow metabolism 2
a: Heroism, Renounce Religion, Evoke Flight


You were on level 4 of the Dungeon.
You worshipped Okawaru.
Okawaru was aware of your devotion.
You were not hungry.

You visited 1 branch of the dungeon, and saw 4 of its levels.

You collected 102 gold pieces.

Inventory:

Hand Weapons
 a - a +2 dagger
 i - a cursed -2 dagger (weapon)
 j - a +2 dagger of holy wrath
 u - a +4 quarterstaff of chaos
 z - a cursed -2 blowgun
Missiles
 A - 18 poisoned needles
Armour
 b - a +0 robe (worn)
 s - a +1 buckler
 v - a +0 cloak (worn)
Jewellery
 p - a ring of flight (left hand)
 q - an uncursed amulet of faith {unknown}
Scrolls
 e - 2 scrolls of teleportation
 h - a scroll of amnesia
 k - a scroll of identify
 l - a scroll of enchant armour
 m - 2 scrolls of enchant weapon
Potions
 f - a potion of cancellation {unknown}
 g - a potion of agility {unknown}
 o - 3 potions of curing
 r - a potion of resistance {unknown}
 t - a potion of ambrosia {unknown}
 B - a potion of lignification {unknown}
Books
 c - a book of Maledictions

   Spells                             Type                      Level
   a - Corona                         Hexes                        1
   b - Ensorcelled Hibernation        Hexes/Ice                    2
   c - Confuse                        Hexes                        3
   d - Tukima's Dance                 Hexes                        3
   e - Dazzling Spray                 Conjuration/Hexes            3
 y - a book of Misfortune

   Spells                             Type                      Level
   a - Confusing Touch                Hexes                        1
   b - Confuse                        Hexes                        3
   c - Gell's Gravitas                Translocation                3
   d - Petrify                        Transmutation/Earth          4
   e - Metabolic Englaciation         Hexes/Ice                    5
   f - Yara's Violent Unravelling     Hexes/Transmutation          5
Comestibles
 d - 2 bread rations


   Skills:
 + Level 1.7 Fighting
 * Level 3.1 Short Blades
 + Level 4.4 Dodging
 * Level 6.2 Stealth
 + Level 0.7 Shields
 + Level 3.7 Spellcasting
 + Level 4.7 Hexes


You had 6 spell levels left.
You knew the following spells:

 Your Spells              Type           Power        Failure   Level  Hunger
a - Corona                Hex            ###....      1%          1    None
b - Ensorcelled Hibernat  Hex/Ice        ##....       8%          2    ##.....
c - Confuse               Hex            ###.....     6%          3    ###....


Dungeon Overview and Level Annotations

Branches:
Dungeon (4/15)
 Temple: D:4-7

Altars:
Okawaru

Annotations:
D:4 Monsterracer's ghost, novice GrGl; Pikel


Innate Abilities, Weirdness & Mutations

You are very small and have problems with some larger weapons.
You are too small for most types of armour.
You have supernaturally acute eyesight. (SInv)
You are a herbivore.
You cover ground extremely quickly.
You need consume almost no food.


Message History

The bullfrog skeleton is moderately damaged.
The bullfrog skeleton closely misses you.
You hit the bullfrog skeleton.
The bullfrog skeleton is moderately damaged.
The bullfrog skeleton closely misses you.
You hit the bullfrog skeleton but do no damage.
The bullfrog skeleton is moderately damaged.
The bullfrog skeleton hits you but does no damage.
You hit the bullfrog skeleton.
The bullfrog skeleton is heavily damaged.
The bullfrog skeleton hits you.
* * * LOW HITPOINT WARNING * * *
You hit the bullfrog skeleton but do no damage.
The bullfrog skeleton is heavily damaged.
The bullfrog skeleton hits you.
* * * LOW HITPOINT WARNING * * *
You completely miss the bullfrog skeleton.
The bullfrog skeleton is heavily damaged.
The bullfrog skeleton hits you.
You die...

.## ##.......# #..........#
#.### ###..#..####.........##
##..## ####...#...#........#
###..## ##....####.....#.#
.###..## #..### #....#...
.###...## ##.## ######..#
..###...## ##..# ##..## ..#
##...######..### ##...## .##
##....#...Z@..### ##.....# .#
##.#.....####....### #.......
##
#.......#######....###.......
#
##..........######............
# ##.............##
###..........
#...............# ###.....>..
#...............# #........
###...............# #.....>..
#................## #........


You could see a bullfrog skeleton.

Vanquished Creatures
  An ogre (D:4)
  An orc priest (D:4)
  Crazy Yiuf (D:2)
  2 orc wizards (D:4)
  5 adders
  An ooze (D:3)
  A worm (D:2)
  5 dart slugs
  4 leopard geckos
  13 orcs
  8 bats
  2 giant cockroaches (D:3)
  11 goblins
  6 hobgoblins
  2 jackals (D:3)
  4 frilled lizards
  7 kobolds
  A leopard gecko zombie (D:3)
  3 rats
  A fungus (D:2)
79 creatures vanquished.

Notes
Turn   | Place    | Note
-------+----------+-------------------------------------------
     0 | D:1      | juanjsm the Spriggan Enchanter began the quest for the Orb.
     0 | D:1      | Reached XP level 1. HP: 9/9 MP: 5/5
   207 | D:1      | Reached XP level 2. HP: 9/14 MP: 2/6
   280 | D:1      | Learned a level 2 spell: Ensorcelled Hibernation
   402 | D:1      | You fall through a shaft!
   833 | D:2      | Reached XP level 3. HP: 11/17 MP: 5/8
   838 | D:2      | Learned a level 3 spell: Confuse
  1157 | D:2      | Reached skill level 1 in Fighting
  1583 | D:2      | Found a runed door.
  1588 | D:2      | Noticed Crazy Yiuf
  1592 | D:2      | Killed Crazy Yiuf
  1592 | D:2      | Reached skill level 5 in Stealth
  1592 | D:2      | Reached XP level 4. HP: 22/22 MP: 9/9
  2226 | D:3      | Reached XP level 5. HP: 20/25 MP: 5/10
  2432 | D:3      | Found an iron altar of Okawaru.
  2443 | D:3      | Became a worshipper of Warmaster Okawaru
  2760 | D:4      | Noticed an ogre
  2827 | D:4      | Noticed a slave
  2828 | D:4      | Noticed a slave
  2828 | D:4      | Noticed Monsterracer's ghost (novice GrGl)
  2829 | D:4      | Noticed Pikel
  2832 | D:4      | Noticed a slave
  2900 | D:4      | Killed an ogre
  2900 | D:4      | Reached skill level 6 in Stealth
  3015 | D:4      | Reached XP level 6. HP: 21/30 MP: 5/12
  3028 | D:4      | Reached * piety under Okawaru
  3049 | D:4      | Noticed a slave
  3486 | D:4      | Slain by a bullfrog skeleton

Skill      XL: |  1  2  3  4  5 |
---------------+----------------+-----
Spellcasting   | 3 |  3.7
Fighting       | 1 |  1.7
Dodging        | 4 |  4.4
Stealth        | 5 6 |  6.2
Short Blades   | 2 3 |  3.1
Hexes          | 4 |  4.7
Shields        | |  0.7

Action                   |  1- 3 |  4- 6 || total
-------------------------+-------+-------++-------
Melee: Dagger            |   295 |   188 ||   483
 Cast: Corona            |     9 |       ||     9
       Ensorcelled Hiber |    22 |    43 ||    65
       Confuse           |       |    14 ||    14
  Use: Scroll            |       |     9 ||     9
 Stab: Sleeping          |    21 |    39 ||    60
       Confused          |       |     2 ||     2
  Eat: Bread ration      |     1 |       ||     1
Armor: Robe              |     8 |    19 ||    27
Dodge: Dodged            |   135 |   205 ||   340
